 Dungeon Crawl Stone Soup version 0.19-a0-1697-g0595f0e (webtiles) character file.

3178 comborobin the Skirmisher (level 9, -9/72 HPs)
             Began as a Demonspawn Gladiator on Sept 17, 2016.
             Was a Believer of Uskayaw.
             Mangled by an orc warrior
             ... wielding a +0 dire flail
              (15 damage)
             ... on level 9 of the Dungeon on Sept 26, 2016.
             The game lasted 00:33:18 (6831 turns).

comborobin the Skirmisher (Demonspawn Gladiator)    Turns: 6831, Time: 00:33:18

Health: -9/72      AC:  9    Str: 20    XL:     9   Next: 63%
Magic:  11/11      EV: 16    Int: 11    God:    Uskayaw [**....]
Gold:   332        SH:  0    Dex: 18    Spells: 0 memorised, 8 levels left

rFire  + . .     SeeInvis .     a - +2 long sword
rCold  + . .     Gourm    .     b - +0 leather armour
rNeg   . . .     Faith    .     (no shield)
rPois  +         Spirit   .     r - +1 hat
rElec  +         Dismiss  .     t - +0 cloak
rCorr  +         Reflect  .     (no gloves)
MR     +....     Harm     .     o - +2 pair of boots
Stlth  ++........               (no amulet)
                                j - ring of protection from magic
                                m - ring of flight

@: mighty, resistant
A: antennae 1, thin skeletal structure 2, blink, clumsy 1, spiny 3
a: Blink, Stomp, Line Pass, Renounce Religion, Evoke Flight


You were on level 9 of the Dungeon.
You worshipped Uskayaw.
Uskayaw was noncommittal.
You were hungry.

You visited 1 branch of the dungeon, and saw 9 of its levels.

You collected 332 gold pieces.

Inventory:

Hand Weapons
 a - a +2 long sword (weapon)
Missiles
 d - 3 throwing nets (quivered)
 q - 2 curare-tipped needles
 z - 4 tomahawks
Armour
 b - a +0 leather armour (worn)
 c - a +0 helmet
 h - the +0 robe of Wieriekh {rElec rC+ Int-3 Stlth+}
   (You found it on level 7 of the Dungeon)

   It affects your intelligence (-3).
   It protects you from cold.
   It insulates you from electricity.
   It makes you more stealthy.
 o - a +2 pair of boots (worn)
 r - a +1 hat (worn)
 t - a +0 cloak (worn)
Jewellery
 j - a ring of protection from magic (right hand)
 m - a ring of flight (left hand)
 A - an uncursed ring of protection from fire
Scrolls
 e - a scroll of fear
 g - 3 scrolls of fog
 i - 4 scrolls of identify
 u - 5 scrolls of remove curse
 v - 5 scrolls of teleportation
 y - a scroll of recharging
Potions
 p - a potion of brilliance {unknown}
 x - a potion of berserk rage {unknown}
Books
 l - a book of Death

   Spells                             Type                      Level
   a - Corpse Rot                     Necromancy                   2
   b - Sublimation of Blood           Necromancy                   2
   c - Agony                          Necromancy                   5
   d - Dispel Undead                  Necromancy                   5
   e - Excruciating Wounds            Charms/Necromancy            5
   f - Bolt of Draining               Conjuration/Necromancy       5
 C - a book of Battle

   Spells                             Type                      Level
   a - Infusion                       Charms                       1
   b - Shroud of Golubria             Charms/Translocation         2
   c - Song of Slaying                Charms                       2
   d - Spectral Weapon                Hexes/Charms                 3
   e - Regeneration                   Charms/Necromancy            3
Comestibles
 f - 9 bread rations {@e1}
 s - a fruit
 D - a beef jerky
 E - a royal jelly


   Skills:
 + Level 7.4 Fighting
 + Level 7.3 Long Blades
 + Level 5.2 Throwing
 - Level 1.0 Armour
 + Level 6.3 Dodging
 * Level 3.2 Invocations


You had 8 spell levels left.
You didn't know any spells.

Dungeon Overview and Level Annotations

Branches:
Dungeon (9/15)             Temple (0/1) D:7
   Lair: D:8-11         Orc: D:9-12

Altars:
Cheibriados
Dithmenos
Elyvilon
Hepliaklqana
Kikubaaqudgha
Nemelex Xobeh
Okawaru
Qazlal
Ru
Sif Muna
Uskayaw
Vehumet
The Shining One

Shops:
D:5 *


Innate Abilities, Weirdness & Mutations

You have a pair of small antennae on your head.
You have a moderately thin skeletal structure. (Dex +4, Stealth+)
You are completely covered in sharp spines.
You can translocate small distances at will.
You are clumsy. (Dex -2)


Message History

Okay, then.
You blink.
You feel slightly more hungry.
You take 3 damage, and have 10/72 hp.
Okay, then.
Okay, then.
You feel very mighty all of a sudden.
You feel protected.
You feel better.
You regained 10 hp, and now have 20/72 hp.
You feel better.
The orc warrior hits you with a dire flail!
* * * LOW HITPOINT WARNING * * *
The orc priest calls down the wrath of Beogh upon you.
Beogh smites you!
* * * LOW HITPOINT WARNING * * *
You take 15 damage, and have 5/72 hp.
MASSIVE DAMAGE!!
You barely miss the orc warrior.
The orc warrior hits you with a dire flail!
You die...

#############
#...........#
#..........@#
######.........oo#
.................#
................o#
.........†.......#
..######'##......#####.#
..# #.....#............#
..###.....#.....)†.....#
..........#............#


You could see an orc warrior, an orc priest and an orc.

Vanquished Creatures
  Grinder (D:4)
  A spriggan (D:7)
  A water moccasin (D:7)
  2 sky beasts
  2 ogres
  3 centaurs
  2 phantoms
  A crocodile (D:8)
  Blork the orc (D:5)
  3 bullfrogs
  2 wyvern skeletons
  A scorpion (D:4)
  4 killer bees (D:9)
  3 howler monkeys
  A centaur zombie (D:7)
  2 crimson imps (D:7)
  3 jellies
  A gnoll shaman (D:7)
  4 hounds
  2 orc priests (D:6)
  3 orc wizards
  Jessica (D:2)
  Ijyb (D:2)
  7 iguanas
  7 worker ants
  Natasha (D:4)
  A hound zombie (D:5)
  A hound skeleton (D:4)
  3 worker ant zombies
  5 gnolls
  4 adders
  A shadow imp (D:4)
  2 worms
  2 dart slugs
  6 leopard geckos
  21 orcs
  5 giant cockroaches
  8 goblins
  8 hobgoblins
  11 jackals
  8 kobolds
  2 quokkas
  3 bats (D:1)
  6 frilled lizards
  2 jackal skeletons
  A jackal zombie (D:5)
  A leopard gecko skeleton (D:5)
  2 leopard gecko zombies
  4 rats
167 creatures vanquished.

Notes
Turn   | Place    | Note
-------+----------+-------------------------------------------
     0 | D:1      | comborobin the Demonspawn Gladiator began the quest for the Orb.
     0 | D:1      | Reached XP level 1. HP: 16/16 MP: 1/1
     0 | D:1      | Upgraded the game from 0.19-a0-1589-ge51c82a to 0.19-a0-1697-g0595f0e
    40 | D:1      | Reached skill level 3 in Dodging
    42 | D:1      | Gained mutation: You have a pair of small antennae on your head. [demonic ancestry]
    42 | D:1      | Reached XP level 2. HP: 12/22 MP: 2/2
   365 | D:1      | Reached skill level 3 in Long Blades
   598 | D:1      | Gained mutation: You are partially covered in sharp spines. [demonic ancestry]
   598 | D:1      | Reached XP level 3. HP: 27/27 MP: 3/3
  1192 | D:2      | Found a white marble altar of Elyvilon.
  1273 | D:2      | Noticed Ijyb
  1289 | D:2      | Killed Ijyb
  1289 | D:2      | Reached XP level 4. HP: 30/34 MP: 4/4
  1495 | D:2      | Noticed Jessica
  1500 | D:2      | Killed Jessica
  1500 | D:2      | Reached skill level 1 in Armour
  1769 | D:3      | Found a sparkling altar of Nemelex Xobeh.
  1830 | D:3      | Reached skill level 2 in Throwing
  1830 | D:3      | Gained mutation: You are mostly covered in sharp spines. [demonic ancestry]
  1830 | D:3      | Reached XP level 5. HP: 39/39 MP: 5/5
  1906 | D:3      | Found a radiant altar of Vehumet.
  1942 | D:3      | Found a stormy altar of Qazlal.
  2163 | D:3      | Reached skill level 4 in Long Blades
  2345 | D:4      | Noticed a sky beast
  2357 | D:4      | Killed a sky beast
  2357 | D:4      | Reached skill level 3 in Fighting
  2357 | D:4      | Reached skill level 4 in Dodging
  2357 | D:4      | Reached XP level 6. HP: 34/47 MP: 6/6
  2364 | D:4      | Gained mutation: You are robust. (+10% HP) [mutagenic meat]
  2367 | D:4      | Gained mutation: You evolve. [mutagenic meat]
  2370 | D:4      | Gained mutation: You are very robust. (+20% HP) [mutagenic meat]
  2373 | D:4      | Gained mutation: You are occasionally teleported next to monsters. [mutagenic meat]
  2376 | D:4      | Gained mutation: Scrolls take you a little longer to read. [mutagenic meat]
  2379 | D:4      | Lost mutation: You evolve. [mutagenic meat]
  2493 | D:4      | Reached skill level 3 in Throwing
  2728 | D:4      | Noticed Grinder
  2733 | D:4      | Paralysed by Grinder for 6 turns
  2749 | D:4      | Paralysed by Grinder for 3 turns
  2750 | D:4      | Killed Grinder
  2750 | D:4      | Reached skill level 4 in Fighting
  2750 | D:4      | Reached XP level 7. HP: 18/64 MP: 7/7
  3186 | D:4      | Reached skill level 5 in Long Blades
  3337 | D:4      | Reached skill level 5 in Dodging
  3476 | D:4      | Noticed Natasha
  3483 | D:4      | Killed Natasha
  3569 | D:5      | Entered Level 5 of the Dungeon
  3791 | D:5      | Gained mutation: You are completely covered in sharp spines. [demonic ancestry]
  3791 | D:5      | Reached XP level 8. HP: 58/73 MP: 8/8
  3835 | D:5      | Reached skill level 5 in Fighting
  3875 | D:5      | Found a sacrificial altar of Ru.
  4024 | D:5      | Found Hagre's General Store.
  4075 | D:5      | Noticed Blork the orc
  4085 | D:5      | Killed Blork the orc
  4190 | D:5      | Found a deep blue altar of Sif Muna.
  4379 | D:6      | Found an ancient bone altar of Kikubaaqudgha.
  4381 | D:6      | Reached skill level 4 in Throwing
  4547 | D:6      | Reached skill level 6 in Long Blades
  4637 | D:6      | Lost mutation: You are very robust. (+20% HP) [potion of cure mutation]
  4637 | D:6      | Lost mutation: Scrolls take you a little longer to read. [potion of cure mutation]
  4637 | D:6      | Lost mutation: You are robust. (+10% HP) [potion of cure mutation]
  4637 | D:6      | Lost mutation: You are occasionally teleported next to monsters. [potion of cure mutation]
  4772 | D:6      | Found a hazy altar of Hepliaklqana.
  4924 | D:6      | Gained mutation: You have a somewhat thin skeletal structure. (Dex +2, Stealth) [mutagenic meat]
  4927 | D:6      | Gained mutation: You are clumsy. (Dex -2) [mutagenic meat]
  4934 | D:6      | Gained mutation: You can translocate small distances at will. [mutagenic meat]
  5118 | D:7      | Reached skill level 6 in Fighting
  5286 | D:7      | Found a glowing golden altar of the Shining One.
  5359 | D:7      | Gained mutation: You have a moderately thin skeletal structure. (Dex +4, Stealth+) [demonic ancestry]
  5359 | D:7      | Reached XP level 9. HP: 66/71 MP: 9/9
  5504 | D:7      | Got an opalescent robe
  5523 | D:7      | Identified the +0 robe of Wieriekh {rElec rC+ Int-3 Stlth+} (You found it on level 7 of the Dungeon)
  5560 | D:7      | Found a hide-covered altar of Uskayaw.
  5592 | D:7      | Became a worshipper of Uskayaw the Reveler
  5641 | D:7      | Found an iron altar of Okawaru.
  5745 | D:7      | Found a staircase to the Ecumenical Temple.
  5750 | D:7      | Reached * piety under Uskayaw
  5810 | D:7      | Reached skill level 7 in Long Blades
  5810 | D:7      | Reached skill level 6 in Dodging
  5810 | D:7      | Reached ** piety under Uskayaw
  5813 | D:7      | Reached skill level 7 in Fighting
  6146 | D:8      | Reached skill level 5 in Throwing
  6251 | D:8      | Reached skill level 1 in Invocations
  6435 | D:8      | Reached skill level 2 in Invocations
  6492 | D:8      | Found a shadowy altar of Dithmenos.
  6622 | D:9      | Found a snail-covered altar of Cheibriados.
  6648 | D:9      | Reached skill level 3 in Invocations
  6648 | D:9      | Reached *** piety under Uskayaw
  6650 | D:9      | Reached **** piety under Uskayaw
  6831 | D:9      | Mangled by an orc warrior

Vault maps used:
D:1:      lightli_molten_gateway
D:2:      elyvilon_altar_1, first_bread, uniq_iyjb, uniq_jessica
D:3:      old_standard_altar, lemuel_crystal_altar,
          nicolae_overflow_crystal_walls
D:4:      minmay_diamond_boxcup, uniq_grinder, uniq_natasha
D:5:      lemuel_coloured_pillars_altar, nicolae_ru_sacrificial_ziggurat,
          serial_shops, shop, minmay_holes, uniq_blork_the_orc
D:6:      kiku_gazebo_garden_becter, lemuel_doored_altar, lemuel_old_faithful
D:7:      old_standard_altar, overflow_temple_1_default,
          okawaru_ov_weapons_minmay, the_bakery
D:8:      grunt_dithmenos_shadows
D:9:      slow_altar_1

Skill      XL: |  1  2  3  4  5  6  7  8  9 |
---------------+----------------------------+-----
Dodging        | 3 4 5 6 |  6.3
Long Blades    | 3 4 5 6 7 |  7.3
Armour         | 1 |  1.0
Throwing       | 2 3 4 5 |  5.2
Fighting       | 3 4 6 7 |  7.4
Invocations    | 3 |  3.2

Action                   |  1- 3 |  4- 6 |  7- 9 || total
-------------------------+-------+-------+-------++-------
Melee: Long sword        |   111 |    87 |   290 ||   488
Invok: Stomp             |       |       |     2 ||     2
 Abil: Evoke Flight      |     1 |       |       ||     1
       Blink             |       |       |     1 ||     1
  Use: Scroll            |     6 |     5 |     4 ||    15
       Potion            |       |     4 |    11 ||    15
 Stab: Sleeping          |       |       |     7 ||     7
       Paralysed         |       |       |     2 ||     2
  Eat: Chunk             |     1 |     8 |     6 ||    15
       Pizza             |       |     1 |       ||     1
       Meat ration       |       |     1 |     1 ||     2
       Beef jerky        |       |       |     1 ||     1
Armor: Leather armour    |    27 |    27 |    50 ||   104
Dodge: Dodged            |    86 |    42 |   169 ||   297

Vault maps used:
D:1:      lightli_molten_gateway
D:2:      elyvilon_altar_1, first_bread, uniq_iyjb, uniq_jessica
D:3:      old_standard_altar, lemuel_crystal_altar,
          nicolae_overflow_crystal_walls
D:4:      minmay_diamond_boxcup, uniq_grinder, uniq_natasha
D:5:      lemuel_coloured_pillars_altar, nicolae_ru_sacrificial_ziggurat,
          serial_shops, shop, minmay_holes, uniq_blork_the_orc
D:6:      kiku_gazebo_garden_becter, lemuel_doored_altar, lemuel_old_faithful
D:7:      old_standard_altar, overflow_temple_1_default,
          okawaru_ov_weapons_minmay, the_bakery
D:8:      grunt_dithmenos_shadows
D:9:      slow_altar_1
